Oilers vs Flyers

Created - December 9 2011 at 18:06

Goals
1 2 3 T
Oilers 1 1 0 2
Flyers 2 3 1 6
Shots
1 2 3 T
Oilers 10 7 7 24
Flyers 11 10 8 29

Period #1

1. Oilers , Dany Heatley 20 (Roman Hamrlik, Stephen Weiss) at 5:46
2. Flyers , Brendan Morrison 8 (Kevin Bieksa, Pascal Dupuis) at 18:50
3. Flyers , Niklas Hagman 2 (Lee Stempniak, Petr Prucha) at 18:54

Penalties :
Scott Hannan (EDM) for Hooking (Minor) at 3:02, Todd Marchant (EDM) for Hooking (Minor) at 19:37

Period #2

4. Oilers , Jochen Hecht 7 (Adrian Aucoin, Derek Roy) at 6:30
5. Flyers , Niklas Hagman 3 (Lee Stempniak) at 10:36
6. Flyers , Andrei Markov 7 (Radim Vrbata, Tim Connolly) at 12:37 (PP)
7. Flyers , Andrei Markov 8 (Tim Connolly, Andrej Sekera) at 13:54 (PP)

Penalties :
Scott Hannan (EDM) for Tripping (Minor) at 2:05, Kevin Bieksa (PHI) for Holding (Minor) at 8:08, Brent Sopel (EDM) for Roughing (Minor) at 12:29, Scott Hannan (EDM) for Roughing (Minor) at 13:42, Adrian Aucoin (EDM) for Holding (Minor) at 15:20, Adam Burish (EDM) for Hooking (Minor) at 17:45

Period #3

8. Flyers , Radim Vrbata 12 (Andrei Markov) at 8:00

Penalties :
Adrian Aucoin (EDM) for Holding (Minor) at 4:31, Kevin Bieksa (PHI) for Goalie Interference (Minor) at 17:01, Adrian Aucoin (EDM) for Roughing (Minor) at 19:51

Goalie Stats

Dan Ellis (EDM), 11 saves from 12 shots - (0.917), 26:06 minutes
Kari Lehtonen (EDM), 12 saves from 17 shots - (0.706), L, 13-14-3, 33:54 minutes
Tomas Vokoun (PHI), 22 saves from 24 shots - (0.917), W, 16-11-2, 60:00 minutes

Players Stats

Oilers
Player Name              G  A  P  +/- PIM S  H  SB FO    MP 
------------------------------------------------------------
Adam Burish              0  0  0  -1  2   0  0  0  0/0   7  
Adrian Aucoin            0  1  1  -1  6   1  0  3  0/0   20 
Andrew Ladd              0  0  0   0  0   1  0  0  0/1   15 
Brent Sopel              0  0  0  -1  2   1  0  3  0/0   17 
Chris Phillips           0  0  0  -1  0   0  3  1  0/0   22 
Dany Heatley             1  0  1   0  0   2  3  0  2/3   14 
Derek Roy                0  1  1   1  0   4  3  0  6/16  15 
Fernando Pisani          0  0  0  -1  0   0  0  0  0/0   5  
Jochen Hecht             1  0  1   1  0   3  0  0  2/3   18 
Karlis Skrastins         0  0  0   1  0   0  0  2  0/0   19 
Michal Handzus           0  0  0  -2  0   1  2  0  11/25 21 
Radek Dvorak             0  0  0  -2  0   0  1  0  1/1   16 
Roman Hamrlik            0  1  1   0  0   0  0  1  0/0   21 
Scott Hannan             0  0  0  -2  6   1  2  1  0/0   19 
Scott Nichol             0  0  0  -1  0   1  0  0  7/15  11 
Stephen Weiss            0  1  1   0  0   2  1  0  11/15 14 
Steve Sullivan           0  0  0  -2  0   6  1  0  1/1   16 
Todd Marchant            0  0  0   1  2   1  3  0  0/0   18 
Flyers
Player Name              G  A  P  +/- PIM S  H  SB FO    MP 
------------------------------------------------------------
Andrei Markov            2  1  3   1  0   2  0  1  0/0   22 
Andrej Sekera            0  1  1   1  0   1  5  1  0/0   22 
Brandon McMillan         0  0  0   0  0   0  0  0  0/0   5  
Brendan Morrison         1  0  1   0  0   4  0  0  13/22 20 
Chris Pronger            0  0  0   0  0   0  0  0  0/0   0  
Justin Williams          0  0  0   0  0   2  1  0  0/0   23 
Kevin Bieksa             0  1  1   0  4   3  3  1  0/0   20 
Kyle Brodziak            0  0  0   0  0   0  0  0  2/4   4  
Ladislav Smid            0  0  0   0  0   1  0  0  0/0   22 
Lee Stempniak            0  2  2   1  0   5  2  0  0/0   15 
Niklas Hagman            2  0  2   1  0   2  1  0  0/0   15 
Pascal Dupuis            0  1  1   0  0   2  1  1  0/0   20 
Petr Prucha              0  1  1   1  0   1  0  0  11/20 14 
Radim Vrbata             1  1  2   1  0   3  0  0  1/4   21 
Raffi Torres             0  0  0   1  0   1  5  0  1/2   20 
Randy Jones              0  0  0   1  0   0  2  1  0/0   15 
Rostislav Klesla         0  0  0   1  0   1  0  3  0/0   17 
Tim Connolly             0  2  2   1  0   1  1  0  11/28 22 

3 Stars

1 - Andrei Markov (PHI)
2 - Niklas Hagman (PHI)
3 - Radim Vrbata (PHI)

Power Play

Oilers - 0 on 2 Attempt(s) - 0.00%
Flyers - 2 on 9 Attempt(s) - 22.22%

Penalty Kill

Oilers - 7 on 9 Attempt(s) - 77.78% - Score 0 goal in Penalty Kill
Flyers - 2 on 2 Attempt(s) - 100.00% - Score 0 goal in Penalty Kill

Game Notes

Dan Ellis enters game at 13:54 of 2nd period

Finance

Level 1 -- Attendance: 5055 (77.77%) -- Ticket Income $480,225.00
Level 2 -- Attendance: 3864 (77.28%) -- Ticket Income $208,656.00
Level 3 -- Attendance: 2769 (79.11%) -- Ticket Income $96,915.00
Level 4 -- Attendance: 3012 (85.16%) -- Ticket Income $45,180.00
Luxury Box -- Attendance: 720 (72.00%) -- Ticket Income $138,240.00
Game was played at the Wells Fargo Center
Total Attendance: 15420 (78.93%)
Total Ticket Income: $1,027,490.00
Other Income: $195,308.10
Total Income: $1,222,798.00


Play by Play

Period #1

0:01 of 1st period - Stephen Weiss wins face-off versus Brendan Morrison in neutral zone.
0:40 of 1st period - Shot by Justin Williams.
0:40 of 1st period - Stopped by Kari Lehtonen without a rebound.
0:41 of 1st period - Derek Roy wins face-off versus Tim Connolly in Oilers zone.
0:52 of 1st period - Shot by Derek Roy.
0:52 of 1st period - Stopped by Tomas Vokoun without a rebound.
0:53 of 1st period - Steve Sullivan wins face-off versus Petr Prucha in Flyers zone.
1:06 of 1st period - Steve Sullivan is hit by Lee Stempniak and loses puck.
1:21 of 1st period - Shot by Lee Stempniak.
1:21 of 1st period - Stopped by Kari Lehtonen without a rebound.
1:22 of 1st period - Derek Roy wins face-off versus Tim Connolly in Oilers zone.
1:43 of 1st period - Todd Marchant is hit by Andrej Sekera and loses puck.
2:35 of 1st period - Icing by Ladislav Smid.
2:36 of 1st period - Brendan Morrison wins face-off versus Michal Handzus in Flyers zone.
3:02 of 1st period - Minor Penalty to Scott Hannan for Hooking.
3:03 of 1st period - Scott Nichol wins face-off versus Brendan Morrison in Oilers zone.
3:24 of 1st period - Shot by Ladislav Smid.
3:24 of 1st period - Stopped by Kari Lehtonen with a rebound.
3:28 of 1st period - Shot by Pascal Dupuis.
3:28 of 1st period - Stopped by Kari Lehtonen without a rebound.
3:29 of 1st period - Scott Nichol wins face-off versus Radim Vrbata in Oilers zone.
3:56 of 1st period - Shot by Tim Connolly.
3:56 of 1st period - Shot Misses the Net.
5:13 of 1st period - Shot by Lee Stempniak.
5:13 of 1st period - Shot Misses the Net.
5:15 of 1st period - Shot by Petr Prucha.
5:15 of 1st period - Shot Blocked by Brent Sopel.
5:17 of 1st period - Shot by Petr Prucha.
5:17 of 1st period - Stopped by Kari Lehtonen without a rebound.
5:18 of 1st period - Petr Prucha wins face-off versus Andrew Ladd in Oilers zone.
5:46 of 1st period - Shot by Dany Heatley.
5:46 of 1st period - Goal by Dany Heatley - Oilers : 1 - Flyers : 0.
5:47 of 1st period - Michal Handzus wins face-off versus Radim Vrbata in neutral zone.
5:51 of 1st period - Icing by Andrei Markov.
5:52 of 1st period - Tim Connolly wins face-off versus Michal Handzus in Flyers zone.
5:52 of 1st period - Andrej Sekera is hit by Radek Dvorak and loses puck.
6:03 of 1st period - Shot by Steve Sullivan.
6:03 of 1st period - Stopped by Tomas Vokoun without a rebound.
6:04 of 1st period - Scott Nichol wins face-off versus Kyle Brodziak in Flyers zone.
6:34 of 1st period - Shot by Scott Nichol.
6:34 of 1st period - Stopped by Tomas Vokoun with a rebound.
6:36 of 1st period - Shot by Adrian Aucoin.
6:36 of 1st period - Stopped by Tomas Vokoun without a rebound.
6:37 of 1st period - Tim Connolly wins face-off versus Michal Handzus in Flyers zone.
7:08 of 1st period - Shot by Raffi Torres.
7:08 of 1st period - Stopped by Kari Lehtonen without a rebound.
7:09 of 1st period - Derek Roy wins face-off versus Petr Prucha in Oilers zone.
7:52 of 1st period - Lee Stempniak is hit by Todd Marchant and loses puck.
7:57 of 1st period - Rostislav Klesla is hit by Derek Roy and loses puck.
8:05 of 1st period - Icing by Rostislav Klesla.
8:06 of 1st period - Petr Prucha wins face-off versus Dany Heatley in Flyers zone.
8:11 of 1st period - Petr Prucha is hit by Stephen Weiss.
8:20 of 1st period - Andrew Ladd is hit by Randy Jones and loses puck.
8:25 of 1st period - Shot by Stephen Weiss.
8:25 of 1st period - Stopped by Tomas Vokoun without a rebound.
8:26 of 1st period - Brendan Morrison wins face-off versus Michal Handzus in Flyers zone.
8:26 of 1st period - Justin Williams is hit by Steve Sullivan and loses puck.
8:31 of 1st period - Shot by Steve Sullivan.
8:31 of 1st period - Stopped by Tomas Vokoun without a rebound.
8:32 of 1st period - Michal Handzus wins face-off versus Tim Connolly in Flyers zone.
8:35 of 1st period - Shot by Scott Hannan.
8:35 of 1st period - Stopped by Tomas Vokoun without a rebound.
8:36 of 1st period - Stephen Weiss wins face-off versus Brendan Morrison in Flyers zone.
8:36 of 1st period - Roman Hamrlik is hit by Kevin Bieksa and loses puck.
8:49 of 1st period - Shot by Brendan Morrison.
8:49 of 1st period - Shot Blocked by Chris Phillips.
8:53 of 1st period - Shot by Brendan Morrison.
8:53 of 1st period - Stopped by Kari Lehtonen without a rebound.
8:54 of 1st period - Michal Handzus wins face-off versus Tim Connolly in Oilers zone.
8:54 of 1st period - Michal Handzus is hit by Raffi Torres.
10:30 of 1st period - Icing by Justin Williams.
10:31 of 1st period - Brendan Morrison wins face-off versus Derek Roy in Flyers zone.
10:56 of 1st period - Shot by Jochen Hecht.
10:56 of 1st period - Shot Blocked by Randy Jones.
10:58 of 1st period - Shot by Todd Marchant.
10:58 of 1st period - Shot Blocked by Rostislav Klesla.
11:00 of 1st period - Shot by Jochen Hecht.
11:00 of 1st period - Stopped by Tomas Vokoun with a rebound.
11:04 of 1st period - Shot by Derek Roy.
11:04 of 1st period - Shot Misses the Net.
11:06 of 1st period - Shot by Todd Marchant.
11:06 of 1st period - Shot Blocked by Rostislav Klesla.
11:10 of 1st period - Shot by Derek Roy.
11:10 of 1st period - Shot Misses the Net.
11:12 of 1st period - Shot by Todd Marchant.
11:12 of 1st period - Stopped by Tomas Vokoun with a rebound.
11:44 of 1st period - Icing by Dany Heatley.
11:45 of 1st period - Stephen Weiss wins face-off versus Radim Vrbata in Oilers zone.
13:19 of 1st period - Off-side.
13:20 of 1st period - Petr Prucha wins face-off versus Michal Handzus in neutral zone.
13:48 of 1st period - Icing by Scott Hannan.
13:49 of 1st period - Michal Handzus wins face-off versus Raffi Torres in Oilers zone.
14:29 of 1st period - Shot by Brendan Morrison.
14:29 of 1st period - Stopped by Kari Lehtonen without a rebound.
14:30 of 1st period - Scott Nichol wins face-off versus Petr Prucha in Oilers zone.
15:19 of 1st period - Icing by Karlis Skrastins.
15:20 of 1st period - Brendan Morrison wins face-off versus Scott Nichol in Oilers zone.
15:37 of 1st period - Shot by Justin Williams.
15:37 of 1st period - Stopped by Kari Lehtonen with a rebound.
15:47 of 1st period - Shot by Justin Williams.
15:47 of 1st period - Shot Misses the Net.
16:10 of 1st period - Icing by Brent Sopel.
16:11 of 1st period - Tim Connolly wins face-off versus Michal Handzus in Oilers zone.
16:39 of 1st period - Radim Vrbata is hit by Scott Hannan and loses puck.
16:59 of 1st period - Dany Heatley is hit by Andrej Sekera and loses puck.
17:36 of 1st period - Shot by Andrew Ladd.
17:36 of 1st period - Deflect By Dany Heatley.
17:36 of 1st period - Shot Blocked by Andrej Sekera.
17:59 of 1st period - Jochen Hecht is hit by Andrej Sekera and loses puck.
18:50 of 1st period - Shot by Brendan Morrison.
18:50 of 1st period - Goal by Brendan Morrison - Oilers : 1 - Flyers : 1.
18:51 of 1st period - Petr Prucha wins face-off versus Stephen Weiss in neutral zone.
18:54 of 1st period - Shot by Lee Stempniak.
18:54 of 1st period - Deflect By Niklas Hagman.
18:54 of 1st period - Goal by Niklas Hagman - Oilers : 1 - Flyers : 2.
18:55 of 1st period - Stephen Weiss wins face-off versus Petr Prucha in neutral zone.
19:26 of 1st period - Icing by Chris Phillips.
19:27 of 1st period - Stephen Weiss wins face-off versus Brendan Morrison in Oilers zone.
19:27 of 1st period - Dany Heatley is hit by Pascal Dupuis and loses puck.
19:35 of 1st period - Off-side.
19:36 of 1st period - Kyle Brodziak wins face-off versus Derek Roy in neutral zone.
19:36 of 1st period - Kyle Brodziak is hit by Todd Marchant.
19:37 of 1st period - Minor Penalty to Todd Marchant for Hooking.
19:38 of 1st period - Brendan Morrison wins face-off versus Scott Nichol in Oilers zone.

Period #2

0:01 of 2nd period - Brendan Morrison wins face-off versus Michal Handzus in neutral zone.
1:23 of 2nd period - Shot by Radim Vrbata.
1:23 of 2nd period - Stopped by Kari Lehtonen without a rebound.
1:24 of 2nd period - Jochen Hecht wins face-off versus Tim Connolly in Oilers zone.
2:05 of 2nd period - Minor Penalty to Scott Hannan for Tripping.
2:06 of 2nd period - Brendan Morrison wins face-off versus Scott Nichol in Oilers zone.
4:16 of 2nd period - Shot by Radek Dvorak.
4:16 of 2nd period - Deflect By Michal Handzus.
4:16 of 2nd period - Stopped by Tomas Vokoun without a rebound.
4:17 of 2nd period - Stephen Weiss wins face-off versus Petr Prucha in Flyers zone.
4:32 of 2nd period - Shot by Dany Heatley.
4:32 of 2nd period - Stopped by Tomas Vokoun with a rebound.
4:46 of 2nd period - Shot by Lee Stempniak.
4:46 of 2nd period - Shot Misses the Net.
5:02 of 2nd period - Andrej Sekera is hit by Dany Heatley and loses puck.
6:30 of 2nd period - Shot by Jochen Hecht.
6:30 of 2nd period - Goal by Jochen Hecht - Oilers : 2 - Flyers : 2.
6:31 of 2nd period - Petr Prucha wins face-off versus Scott Nichol in neutral zone.
7:10 of 2nd period - Icing by Randy Jones.
7:11 of 2nd period - Petr Prucha wins face-off versus Michal Handzus in Flyers zone.
7:42 of 2nd period - Shot by Michal Handzus.
7:42 of 2nd period - Shot Misses the Net.
8:08 of 2nd period - Minor Penalty to Kevin Bieksa for Holding.
8:09 of 2nd period - Tim Connolly wins face-off versus Derek Roy in Flyers zone.
8:20 of 2nd period - Shot by Andrew Ladd.
8:20 of 2nd period - Stopped by Tomas Vokoun without a rebound.
8:21 of 2nd period - Stephen Weiss wins face-off versus Tim Connolly in Flyers zone.
8:50 of 2nd period - Shot by Stephen Weiss.
8:50 of 2nd period - Stopped by Tomas Vokoun with a rebound.
8:52 of 2nd period - Shot by Karlis Skrastins.
8:52 of 2nd period - Shot Misses the Net.
9:15 of 2nd period - Dany Heatley is hit by Andrej Sekera.
9:17 of 2nd period - Shot by Derek Roy.
9:17 of 2nd period - Stopped by Tomas Vokoun without a rebound.
9:18 of 2nd period - Derek Roy wins face-off versus Tim Connolly in Flyers zone.
9:30 of 2nd period - Icing by Andrew Ladd.
9:31 of 2nd period - Radim Vrbata wins face-off versus Derek Roy in Oilers zone.
10:04 of 2nd period - Shot by Adrian Aucoin.
10:04 of 2nd period - Shot Blocked by Pascal Dupuis.
10:08 of 2nd period - Shot by Stephen Weiss.
10:08 of 2nd period - Shot Blocked by Rostislav Klesla.
10:14 of 2nd period - Scott Hannan is hit by Lee Stempniak and loses puck.
10:20 of 2nd period - Icing by Michal Handzus.
10:21 of 2nd period - Petr Prucha wins face-off versus Michal Handzus in Oilers zone.
10:22 of 2nd period - Shot by Randy Jones.
10:22 of 2nd period - Shot Blocked by Brent Sopel.
10:36 of 2nd period - Shot by Niklas Hagman.
10:36 of 2nd period - Goal by Niklas Hagman - Oilers : 2 - Flyers : 3.
10:37 of 2nd period - Derek Roy wins face-off versus Tim Connolly in neutral zone.
11:08 of 2nd period - Derek Roy is hit by Raffi Torres and loses puck.
12:15 of 2nd period - Shot by Lee Stempniak.
12:15 of 2nd period - Stopped by Kari Lehtonen with a rebound.
12:29 of 2nd period - Shot by Rostislav Klesla.
12:29 of 2nd period - Stopped by Kari Lehtonen without a rebound.
12:29 of 2nd period - Minor Penalty to Brent Sopel for Roughing.
12:30 of 2nd period - Tim Connolly wins face-off versus Scott Nichol in Oilers zone.
12:37 of 2nd period - Shot by Andrei Markov.
12:37 of 2nd period - Goal by Andrei Markov - Oilers : 2 - Flyers : 4.
12:38 of 2nd period - Stephen Weiss wins face-off versus Brendan Morrison in neutral zone.
13:16 of 2nd period - Shot by Stephen Weiss.
13:16 of 2nd period - Shot Misses the Net.
13:19 of 2nd period - Icing by Kevin Bieksa.
13:20 of 2nd period - Brendan Morrison wins face-off versus Michal Handzus in Flyers zone.
13:42 of 2nd period - Minor Penalty to Scott Hannan for Roughing.
13:43 of 2nd period - Tim Connolly wins face-off versus Scott Nichol in Oilers zone.
13:46 of 2nd period - Shot by Andrei Markov.
13:46 of 2nd period - Shot Blocked by Karlis Skrastins.
13:48 of 2nd period - Shot by Tim Connolly.
13:48 of 2nd period - Shot Blocked by Roman Hamrlik.
13:50 of 2nd period - Shot by Andrei Markov.
13:50 of 2nd period - Deflect By Tim Connolly.
13:50 of 2nd period - Shot Misses the Net.
13:52 of 2nd period - Shot by Tim Connolly.
13:52 of 2nd period - Shot Misses the Net.
13:54 of 2nd period - Shot by Andrei Markov.
13:54 of 2nd period - Goal by Andrei Markov - Oilers : 2 - Flyers : 5.
13:54 of 2nd period - Dan Ellis enters game.
13:55 of 2nd period - Petr Prucha wins face-off versus Michal Handzus in neutral zone.
14:28 of 2nd period - Shot by Randy Jones.
14:28 of 2nd period - Shot Misses the Net.
14:32 of 2nd period - Shot by Lee Stempniak.
14:32 of 2nd period - Stopped by Dan Ellis without a rebound.
14:33 of 2nd period - Dany Heatley wins face-off versus Tim Connolly in Oilers zone.
14:44 of 2nd period - Shot by Stephen Weiss.
14:44 of 2nd period - Shot Misses the Net.
14:58 of 2nd period - Off-side.
14:59 of 2nd period - Brendan Morrison wins face-off versus Derek Roy in neutral zone.
15:20 of 2nd period - Minor Penalty to Adrian Aucoin for Holding.
15:21 of 2nd period - Michal Handzus wins face-off versus Tim Connolly in Oilers zone.
16:48 of 2nd period - Shot by Tim Connolly.
16:48 of 2nd period - Shot Blocked by Brent Sopel.
16:50 of 2nd period - Shot by Andrej Sekera.
16:50 of 2nd period - Stopped by Dan Ellis without a rebound.
16:51 of 2nd period - Brendan Morrison wins face-off versus Michal Handzus in Oilers zone.
17:45 of 2nd period - Minor Penalty to Adam Burish for Hooking.
17:46 of 2nd period - Scott Nichol wins face-off versus Tim Connolly in Oilers zone.
18:41 of 2nd period - Shot by Radim Vrbata.
18:41 of 2nd period - Shot Misses the Net.
18:45 of 2nd period - Shot by Kevin Bieksa.
18:45 of 2nd period - Stopped by Dan Ellis without a rebound.
18:46 of 2nd period - Tim Connolly wins face-off versus Michal Handzus in Oilers zone.
19:11 of 2nd period - Tim Connolly is hit by Michal Handzus and loses puck.
19:17 of 2nd period - Icing by Andrej Sekera.
19:18 of 2nd period - Tim Connolly wins face-off versus Derek Roy in Flyers zone.
19:18 of 2nd period - Tim Connolly is hit by Derek Roy.
19:45 of 2nd period - Shot by Radim Vrbata.
19:45 of 2nd period - Stopped by Dan Ellis without a rebound.
19:46 of 2nd period - Stephen Weiss wins face-off versus Petr Prucha in Oilers zone.
19:56 of 2nd period - Icing by Lee Stempniak.
19:57 of 2nd period - Michal Handzus wins face-off versus Petr Prucha in Flyers zone.
19:58 of 2nd period - Shot by Brent Sopel.
19:58 of 2nd period - Stopped by Tomas Vokoun without a rebound.
19:59 of 2nd period - Petr Prucha wins face-off versus Michal Handzus in Flyers zone.

Period #3

0:01 of 3rd period - Stephen Weiss wins face-off versus Brendan Morrison in neutral zone.
0:06 of 3rd period - Shot by Dany Heatley.
0:06 of 3rd period - Shot Misses the Net.
0:23 of 3rd period - Icing by Kevin Bieksa.
0:24 of 3rd period - Jochen Hecht wins face-off versus Brendan Morrison in Flyers zone.
0:28 of 3rd period - Icing by Kevin Bieksa.
0:29 of 3rd period - Michal Handzus wins face-off versus Brendan Morrison in Flyers zone.
0:40 of 3rd period - Radek Dvorak is hit by Justin Williams and loses puck.
1:19 of 3rd period - Off-side.
1:20 of 3rd period - Petr Prucha wins face-off versus Jochen Hecht in neutral zone.
1:20 of 3rd period - Rostislav Klesla is hit by Todd Marchant and loses puck.
1:34 of 3rd period - Shot by Lee Stempniak.
1:34 of 3rd period - Shot Blocked by Karlis Skrastins.
1:39 of 3rd period - Adrian Aucoin is hit by Randy Jones and loses puck.
2:22 of 3rd period - Andrei Markov is hit by Chris Phillips.
2:41 of 3rd period - Andrei Markov is hit by Chris Phillips and loses puck.
2:54 of 3rd period - Andrej Sekera is hit by Dany Heatley and loses puck.
3:02 of 3rd period - Radim Vrbata is hit by Dany Heatley.
4:31 of 3rd period - Minor Penalty to Adrian Aucoin for Holding.
4:32 of 3rd period - Brendan Morrison wins face-off versus Scott Nichol in Oilers zone.
5:19 of 3rd period - Todd Marchant is hit by Raffi Torres and loses puck.
6:17 of 3rd period - Shot by Lee Stempniak.
6:17 of 3rd period - Stopped by Dan Ellis with a rebound.
6:26 of 3rd period - Icing by Lee Stempniak.
6:27 of 3rd period - Kyle Brodziak wins face-off versus Derek Roy in Flyers zone.
6:42 of 3rd period - Shot by Pascal Dupuis.
6:42 of 3rd period - Stopped by Dan Ellis without a rebound.
6:43 of 3rd period - Radek Dvorak wins face-off versus Petr Prucha in Oilers zone.
6:47 of 3rd period - Off-side.
6:48 of 3rd period - Brendan Morrison wins face-off versus Derek Roy in neutral zone.
7:04 of 3rd period - Icing by Brendan Morrison.
7:05 of 3rd period - Michal Handzus wins face-off versus Brendan Morrison in Flyers zone.
7:33 of 3rd period - Icing by Brent Sopel.
7:34 of 3rd period - Michal Handzus wins face-off versus Tim Connolly in Oilers zone.
7:34 of 3rd period - Michal Handzus is hit by Raffi Torres.
8:00 of 3rd period - Shot by Radim Vrbata.
8:00 of 3rd period - Goal by Radim Vrbata - Oilers : 2 - Flyers : 6.
8:01 of 3rd period - Petr Prucha wins face-off versus Stephen Weiss in neutral zone.
8:30 of 3rd period - Icing by Andrew Ladd.
8:31 of 3rd period - Dany Heatley wins face-off versus Tim Connolly in Oilers zone.
9:00 of 3rd period - Shot by Jochen Hecht.
9:00 of 3rd period - Shot Misses the Net.
9:04 of 3rd period - Shot by Derek Roy.
9:04 of 3rd period - Shot Misses the Net.
9:12 of 3rd period - Shot by Jochen Hecht.
9:12 of 3rd period - Shot Misses the Net.
9:16 of 3rd period - Shot by Derek Roy.
9:16 of 3rd period - Stopped by Tomas Vokoun without a rebound.
9:17 of 3rd period - Michal Handzus wins face-off versus Kyle Brodziak in Flyers zone.
9:28 of 3rd period - Shot by Steve Sullivan.
9:28 of 3rd period - Stopped by Tomas Vokoun without a rebound.
9:29 of 3rd period - Scott Nichol wins face-off versus Petr Prucha in Flyers zone.
10:18 of 3rd period - Rostislav Klesla is hit by Michal Handzus and loses puck.
10:41 of 3rd period - Shot by Steve Sullivan.
10:41 of 3rd period - Stopped by Tomas Vokoun without a rebound.
10:42 of 3rd period - Brendan Morrison wins face-off versus Derek Roy in Flyers zone.
10:57 of 3rd period - Shot by Brendan Morrison.
10:57 of 3rd period - Stopped by Dan Ellis with a rebound.
11:19 of 3rd period - Shot by Brendan Morrison.
11:19 of 3rd period - Shot Blocked by Adrian Aucoin.
11:21 of 3rd period - Shot by Kevin Bieksa.
11:21 of 3rd period - Stopped by Dan Ellis with a rebound.
11:23 of 3rd period - Shot by Kevin Bieksa.
11:23 of 3rd period - Stopped by Dan Ellis with a rebound.
11:36 of 3rd period - Adrian Aucoin is hit by Andrej Sekera and loses puck.
11:48 of 3rd period - Shot by Tim Connolly.
11:48 of 3rd period - Stopped by Dan Ellis without a rebound.
11:49 of 3rd period - Michal Handzus wins face-off versus Tim Connolly in Oilers zone.
12:05 of 3rd period - Shot by Radim Vrbata.
12:05 of 3rd period - Shot Blocked by Scott Hannan.
12:07 of 3rd period - Shot by Radim Vrbata.
12:07 of 3rd period - Shot Misses the Net.
12:37 of 3rd period - Shot by Kyle Brodziak.
12:37 of 3rd period - Deflect By Justin Williams.
12:37 of 3rd period - Shot Misses the Net.
12:40 of 3rd period - Kyle Brodziak is hit by Scott Hannan.
13:15 of 3rd period - Justin Williams is hit by Chris Phillips and loses puck.
13:28 of 3rd period - Stephen Weiss is hit by Niklas Hagman and loses puck.
13:49 of 3rd period - Icing by Roman Hamrlik.
13:50 of 3rd period - Tim Connolly wins face-off versus Stephen Weiss in Oilers zone.
14:36 of 3rd period - Adrian Aucoin is hit by Raffi Torres and loses puck.
14:47 of 3rd period - Justin Williams is hit by Derek Roy and loses puck.
15:15 of 3rd period - Michal Handzus is hit by Kevin Bieksa and loses puck.
15:53 of 3rd period - Scott Nichol is hit by Kevin Bieksa and loses puck.
16:48 of 3rd period - Shot by Jochen Hecht.
16:48 of 3rd period - Shot Blocked by Kevin Bieksa.
16:50 of 3rd period - Shot by Jochen Hecht.
16:50 of 3rd period - Shot Misses the Net.
16:52 of 3rd period - Shot by Jochen Hecht.
16:52 of 3rd period - Shot Misses the Net.
17:01 of 3rd period - Minor Penalty to Kevin Bieksa for Goalie Interference.
17:02 of 3rd period - Stephen Weiss wins face-off versus Tim Connolly in Flyers zone.
17:03 of 3rd period - Shot by Jochen Hecht.
17:03 of 3rd period - Shot Misses the Net.
17:05 of 3rd period - Shot by Brent Sopel.
17:05 of 3rd period - Shot Misses the Net.
17:07 of 3rd period - Shot by Stephen Weiss.
17:07 of 3rd period - Shot Misses the Net.
17:09 of 3rd period - Shot by Karlis Skrastins.
17:09 of 3rd period - Shot Misses the Net.
17:11 of 3rd period - Shot by Brent Sopel.
17:11 of 3rd period - Shot Blocked by Andrei Markov.
17:13 of 3rd period - Shot by Jochen Hecht.
17:13 of 3rd period - Stopped by Tomas Vokoun without a rebound.
17:14 of 3rd period - Derek Roy wins face-off versus Tim Connolly in Flyers zone.
17:30 of 3rd period - Shot by Derek Roy.
17:30 of 3rd period - Stopped by Tomas Vokoun without a rebound.
17:31 of 3rd period - Tim Connolly wins face-off versus Stephen Weiss in Flyers zone.
18:55 of 3rd period - Shot by Steve Sullivan.
18:55 of 3rd period - Stopped by Tomas Vokoun with a rebound.
18:57 of 3rd period - Shot by Jochen Hecht.
18:57 of 3rd period - Deflect By Steve Sullivan.
18:57 of 3rd period - Stopped by Tomas Vokoun without a rebound.
18:58 of 3rd period - Raffi Torres wins face-off versus Derek Roy in Flyers zone.
19:34 of 3rd period - Shot by Lee Stempniak.
19:34 of 3rd period - Shot Misses the Net.
19:36 of 3rd period - Shot by Lee Stempniak.
19:36 of 3rd period - Stopped by Dan Ellis without a rebound.
19:37 of 3rd period - Tim Connolly wins face-off versus Scott Nichol in Oilers zone.
19:40 of 3rd period - Shot by Andrei Markov.
19:40 of 3rd period - Shot Blocked by Adrian Aucoin.
19:44 of 3rd period - Shot by Tim Connolly.
19:44 of 3rd period - Shot Blocked by Adrian Aucoin.
19:51 of 3rd period - Minor Penalty to Adrian Aucoin for Roughing.
19:52 of 3rd period - Scott Nichol wins face-off versus Tim Connolly in Oilers zone.
19:52 of 3rd period - Scott Nichol is hit by Tim Connolly.


Output by the SimonT Hockey Simulator (STHS) for Stephane Roy -- Original Page W3C XHTML 1.0 Valid